 Dungeon Crawl Stone Soup version 0.24.1 (webtiles) character file.

Game seed: 7176154465593769689, levelgen mode: deterministic

307351 M4edhros the Force of Nature (level 21, 0/139 HPs)
             Began as an Octopode Artificer on Mar 27, 2020.
             Was the Champion of Fedhas.
             Slain by a tarantella (13 damage)
             ... on level 3 of the Spider Nest on Mar 28, 2020.
             The game lasted 03:19:39 (68239 turns).

M4edhros the Force of Nature (Octopode Artificer)  Turns: 68239, Time: 03:19:39

Health: 0/139      AC:  3    Str: 11 (12) XL:     21   Next: 55%
Magic:  42/42      EV: 33    Int: 13 (15) God:    Fedhas [******]
Gold:   2891       SH:  0    Dex: 35      Spells: 13/24 levels left

rFire    + . .     SeeInvis +   L - +3 demon trident (elec)
rCold    + . .     Gourm    .   A - +8 large shield
rNeg     + + +     Faith    .   z - +2 hat
rPois    +         Spirit   .   q - +3 amulet of reflection
rElec    .         Reflect  +   R - ring of stealth
rCorr    .         Harm     .   H - ring of magical power
MR       ++...                  J - ring of wizardry
Stlth    ++++++....             B - ring of protection from fire
HPRegen  0.33/turn              D - +5 ring of dexterity
MPRegen  0.28/turn              b - ring "Lycwenat" {rC+ rN+++ EV+1 Dex-3 SInv}
                                u - +4 ring of dexterity
                                Z - +2 ring of intelligence

@: confused, agile, very slightly contaminated, invisible
A: almost no armour, stealthy swim, amphibious, 8 rings, constrict 8, tentacle
spike 1, camouflage 1, agile 1, magic resistance 1, poison resistance,
gelatinous body 1
}: 1/15 runes: barnacled
a: Wall of Briars, Grow Ballistomycete, Overgrow, Grow Oklob, Renounce Religion


You were on level 3 of the Spider Nest.
You worshipped Fedhas.
Fedhas was exalted by your worship.
You were not hungry.

You visited 8 branches of the dungeon, and saw 39 of its levels.
You also visited: Sewer.

You collected 3977 gold pieces.
You spent 1086 gold pieces at shops.

Inventory:

Hand Weapons
 a - the +8 hunting sling "Pioz" {speed, Str+6 Int-2}
   (You found it on level 10 of the Dungeon)

   Attacks with this weapon are significantly faster.
   It affects your strength (+6).
   It affects your intelligence (-2).
 L - a +3 demon trident of electrocution (weapon)
 N - a +0 fustibalus of freezing
Missiles
 E - 106 sling bullets
 M - 425 stones (quivered)
Armour
 z - a +2 hat (worn)
 A - a +8 large shield (worn)
Jewellery
 b - the ring "Lycwenat" (on tentacle) {rC+ rN+++ EV+1 Dex-3 SInv}
   (You took it off a deep elf elementalist on level 3 of the Elven Halls)

   [ring of evasion]

   It affects your evasion (+1).
   It affects your dexterity (-3).
   It protects you from cold.
   It renders you almost immune to negative energy.
   It lets you see invisible.
 l - an uncursed ring of magical power
 q - a +3 amulet of reflection (around mantle)
 u - a +4 ring of dexterity (on tentacle)
 B - a ring of protection from fire (on tentacle)
 D - a +5 ring of dexterity (on tentacle)
 H - a ring of magical power (right tentacle)
 J - a ring of wizardry (on tentacle)
 P - the amulet of the Air {Inacc +Fly rElec EV+5 RMsl}
   (You found it on level 3 of the Elven Halls)

   [amulet of inaccuracy]

   It reduces the accuracy of all your attacks.
   It affects your evasion (+5).
   It insulates you from electricity.
   It lets you fly.
   It protects you from missiles.
 R - a ring of stealth (left tentacle)
 Z - a +2 ring of intelligence (on tentacle)
Wands
 e - a wand of random effects (14)
 m - a wand of flame (52)
 v - a wand of iceblast (5)
 F - a wand of polymorph (14)
 I - a wand of digging (10)
 X - a wand of disintegration (2)
Scrolls
 c - a scroll of magic mapping
 d - a scroll of enchant armour
 i - 12 scrolls of teleportation
 j - 5 scrolls of fear
 k - 6 scrolls of fog
 p - 4 scrolls of identify
 w - a scroll of holy word
 y - 6 scrolls of immolation
 S - 2 scrolls of blinking
 Y - 2 scrolls of summoning
Potions
 n - a potion of cancellation
 o - 5 potions of brilliance
 s - 3 potions of haste
 t - 4 potions of lignification
 C - 3 potions of ambrosia
 K - 4 potions of might
 U - 4 potions of berserk rage
 V - 2 potions of magic
Miscellaneous
 r - a phial of floods (inert)
 x - 3 sacks of spiders
 O - a phantom mirror
 Q - a lightning rod (4/4)
 W - a lamp of fire
Comestibles
 f - 34 rations


   Skills:
 - Level 10.8 Fighting
   Level 1.0 Short Blades
   Level 2.0 Maces & Flails
 - Level 9.8 Polearms
 - Level 12.0 Slings
 - Level 11.9 Dodging
 - Level 13.1 Stealth
 * Level 16.7 Shields
 * Level 2.1 Spellcasting
 - Level 4.1 Hexes
 - Level 4.1 Summonings
 - Level 12.0 Transmutations
 - Level 12.0 Earth Magic
 - Level 17.1 Invocations
 - Level 9.3 Evocations


You had 13 spell levels left.
You knew the following spells:

 Your Spells              Type           Power        Failure   Level  Hunger
a - Summon Mana Viper     Hex/Summ       ##......     80%         5    ######.
b - Statue Form           Tmut/Erth      ####.....    32%         6    #######

Your spell library contained the following spells:

 Spells                   Type           Power        Failure   Level  Hunger
 Petrify                  Tmut/Erth      ####....     2%          4    #####..
 Confusing Touch          Hex            ##....       5%          1    ##.....
 Summon Butterflies       Summ           ##......     6%          1    ##.....
 Summon Small Mammal      Summ           ##..         6%          1    ##.....
 Call Imp                 Summ           ##......     9%          2    ###....
 Slow                     Hex            ##......     9%          2    ###....
 Leda's Liquefaction      Hex/Erth       ###.......   11%         4    #####..
 Call Canine Familiar     Summ           ##......     16%         3    ####...
 Confuse                  Hex            ##......     16%         3    ####...
 Tukima's Dance           Hex            ##......     16%         3    ####...
 Animate Skeleton         Necr           N/A          28%         1    ##.....
 Apportation              Tloc           #.....       28%         1    ##.....
 Flame Tongue             Conj/Fire      #....        28%         1    ##.....
 Magic Dart               Conj           #...         28%         1    ##.....
 Yara's Violent Unravell  Hex/Tmut       ###.......   28%         5    ######.
 Hydra Form               Tmut           ####......   32%         6    #######
 Dazzling Spray           Conj/Hex       #.....       34%         3    ####...
 Inner Flame              Hex/Fire       #.......     34%         3    ####...
 Blink                    Tloc           N/A          38%         2    ###....
 Poisonous Vapours        Pois/Air       #.....       38%         2    ###....
 Searing Ray              Conj           #.....       38%         2    ###....
 Throw Flame              Conj/Fire      #.....       38%         2    ###....
 Alistair's Intoxication  Tmut/Pois      ###.....     52%         5    ######.
 Irradiate                Conj/Tmut      ###.......   52%         5    ######.
 Conjure Flame            Conj/Fire      #.......     61%         3    ####...
 Gell's Gravitas          Tloc           #.........   61%         3    ####...
 Lesser Beckoning         Tloc           #.........   61%         3    ####...
 Mephitic Cloud           Conj/Pois/Air  #.......     61%         3    ####...
 Fulminant Prism          Conj/Hex       #.........   73%         4    #####..
 Summon Ice Beast         Ice/Summ       #.......     73%         4    #####..
 Bolt of Magma            Conj/Fire/Erth ##........   80%         5    ######.
 Dragon Form              Tmut           ####......   85%         7    #######
 Force Lance              Conj/Tloc      #.......     94%         4    #####..
 Iskenderun's Mystic Bla  Conj           #.......     94%         4    #####..
 Sticky Flame             Conj/Fire      #.......     94%         4    #####..
 Metabolic Englaciation   Hex/Ice        #.........   96%         5    ######.
 Iron Shot                Conj/Erth      ###.......   97%         6    #######
 Fireball                 Conj/Fire      #.........   100%        5    ######.
 Iskenderun's Battlesphe  Conj/Chrm      #.......     100%        5    ######.
 Venom Bolt               Conj/Pois      #.........   100%        5    ######.
 Freezing Cloud           Conj/Ice/Air   #.........   100%        6    #######
 Invisibility             Hex            ##......     100%        6    #######
 Orb of Destruction       Conj           #.........   100%        7    #######
 Ring of Flames           Chrm/Fire      #.........   100%        7    #######
 Spellforged Servitor     Conj/Summ      #.........   100%        7    #######
 Summon Hydra             Summ           ##........   100%        7    #######
 Shatter                  Erth           ####......   100%        9    #######


Dungeon Overview and Level Annotations

Branches:
Dungeon (15/15)            Temple (1/1) D:4            Lair (6/6) D:8
 Shoals (4/4) Lair:4       Spider (3/4) Lair:2        Slime (0/5) Lair:6
    Orc (2/2) D:11            Elf (3/3) Orc:2        Vaults (5/5) D:13
  Crypt (0/3) Vaults:2      Sewer (visited)
 Depths: D:15

Altars:
Ashenzari
Cheibriados
Dithmenos
Elyvilon
Fedhas
Gozag
Kikubaaqudgha
Makhleb
Nemelex Xobeh
Okawaru
Qazlal
Ru
Sif Muna
Uskayaw
Vehumet
Wu Jian
Xom
Yredelemnul
Zin
The Shining One
Beogh
Jiyva

Shops:
D:5 *   D:13 (   Orc:1 *   Orc:2 [([%   Elf:2 (   Shoals:1 !*(}   Shoals:2 ?
Shoals:3 %   Vaults:2 [(%?   Vaults:4 ?

Annotations:
D:11 exclusion: skeletal warrior
D:12 exclusion: obsidian statue
Lair:1 1 runed translucent door, viiviliisa's ghost, journeyman MiFi
Shoals:3 Bai Suzhen
Shoals:4 exclusion: 2 doors
Spider:1 1 exclusion
Spider:3 Nikola
Abyss:1 Gastronok


Innate Abilities, Weirdness & Mutations

You cannot wear most types of armour.
You are very stealthy in the water. (Stealth+)
You are amphibious.
You can wear up to eight rings at the same time.
You can use your tentacles to constrict eight enemies at once.
Your skin changes colour to match your surroundings (Stealth+).
Your rubbery body absorbs attacks. (AC +1, EV +1)
One of your tentacles bears a spike.
You are agile. (Dex +2)
You are resistant to hostile enchantments. (MR+)
Your system is resistant to poisons. (rPois)


Message History

Unknown command.
Okay, then.
You're too confused!
You are more confused.
You feel invigorated.
The jumping spider completely misses you.
The jumping spider misses you. The wolf spider completely misses you.
The wolf spider closely misses you.
A jumping spider comes into view.
The tarantella bites you.
* * * LOW HITPOINT WARNING * * *
The demonic crawler barely misses your water elemental.
The demonic crawler hits your water elemental!
Your water elemental is destroyed!
The tarantella completely misses you. The jumping spider barely misses you.
The jumping spider misses you. The wolf spider misses you.
The wolf spider closely misses you. The tarantella bites you!
You die...
Xom howls with laughter!
Fedhas appreciates your contribution to the ecosystem.

#..... ##.....
#...##.....?.
#...#^.....
##.....%..###
####...........## .
#^.#............#..
##..##......s.....s.
#....##.....s.......
###....#...ss@s......
##^##.....^.ss.s......
#...##.......sss......
###....#..###...s....s..
#..........##.^...s.....
...........####≈≈≈......
...........^# .≈≈≈......
...(#......## .≈≈≈...(..
^.####.#..##


You could see a demonic crawler, 4 wolf spiders, 3 orb spiders, 4 jumping
spiders, 2 tarantellas and a redback (wandering).

Vanquished Creatures
  A deep elf blademaster (Elf:3)
  A sphinx (Vaults:4)
  2 krakens (Shoals:4)
  A deep elf master archer (Elf:3)
  A tengu reaver (Vaults:4)
  Roxanne (Shoals:3)
  Ilsuiw (Shoals:2)
  A revenant (Vaults:2)
  2 deep elf sorcerers
  3 vault wardens
  A frost giant (Vaults:3)
  Aizul (Shoals:4)
  2 ghost moths (Spider:3)
  A deep elf elementalist (Elf:3)
  9 ironheart preservers
  4 very ugly things (Vaults:1)
  An entropy weaver (Spider:1)
  5 stone giants
  A deep elf demonologist (Elf:3)
  3 deep elf annihilators (Elf:3)
  A spark wasp (Spider:3)
  4 ettins
  7 merfolk javelineers
  3 deep elf death magi
  4 fire dragons
  A yaktaur captain (Vaults:2)
  6 merfolk impalers
  4 ice dragons
  4 vault guards
  A rakshasa (Vaults:2)
  7 hydras
  9 merfolk aquamancers
  16 two-headed ogres
  2 satyrs
  3 centaur warriors
  5 merfolk avatars
  3 deep troll shamans
  12 death yaks
  A deep troll earth mage (Vaults:3)
  8 ogre magi
  4 death knights
  A vampire mage (Vaults:2)
  20 dancing weapons
  10 deep elf knights
  Sonja (D:13)
  5 orc high priests
  A storm dragon zombie (Vaults:3)
  A fire crab (Lair:5)
  3 shadow wraiths
  3 skeletal warriors
  9 sea snakes
  9 deep trolls
  A glowing orange brain (Vaults:4)
  A flayed ghost (Vaults:3)
  A swamp dragon (Lair:6)
  A wolf spider zombie (D:13)
  3 phantasmal warriors
  15 deep elf archers
  15 ironbrand convokers
  A tengu zombie (Vaults:3)
  2 wizards
  5 necromancers
  18 orc knights
  17 harpies
  17 wolf spiders
  6 orc sorcerers
  11 cyclopes
  30 ugly things
  8 orb spiders
  A shadow dragon skeleton (Vaults:3)
  4 fauns
  47 deep elf magi
  11 manticores
  A human skeleton (Vaults:4)
  An elephant (shapeshifter) (Elf:1)
  Joseph (Lair:1)
  A salamander (D:10)
  4 water nymphs
  11 black mambas
  7 merfolk sirens
  2 guardian serpents
  10 vault sentinels
  A centaur zombie (D:13)
  6 spiny frogs
  A torpor snail (Lair:3)
  6 komodo dragons
  3 freezing wraiths
  2 rime drakes
  2 demonic crawlers (Spider:1)
  An efreet (D:13)
  19 yaktaurs
  23 jumping spiders
  3 kobold demonologists (D:12)
  2 polar bears
  6 hornets
  Grinder (D:3)
  A wind drake (shapeshifter) (Lair:6)
  9 trolls
  21 blink frogs
  18 merfolk
  5 wind drakes
  A hippogriff (shapeshifter) (Vaults:4)
  3 hippogriffs
  A raiju (shapeshifter) (Vaults:4)
  13 dream sheep
  A dream sheep (shapeshifter) (Vaults:3)
  Sigmund (D:4)
  11 snapping turtles
  39 redbacks
  An ettin skeleton (Vaults:4)
  17 water elementals
  14 wyverns
  3 wraiths
  21 slime creatures
  2 vampires (D:13)
  2 air elementals
  41 yaks
  Eustachio (D:6)
  18 tarantellas
  2 shadows
  A yak (shapeshifter) (Elf:3)
  8 killer bees
  3 fire elementals
  A hog (shapeshifter) (Vaults:3)
  5 human simulacra
  4 basilisks
  A tarantella (shapeshifter) (Vaults:4)
  3 steam dragons
  6 vampire mosquitoes
  7 wargs
  A yaktaur simulacrum (Vaults:3)
  2 soldier ants
  3 acid dragons
  A water moccasin (shapeshifter) (Elf:1)
  2 floating eyes (D:13)
  19 water moccasins
  A floating eye (shapeshifter) (Vaults:2)
  12 ice beasts
  2 swamp drakes (Lair:6)
  10 porcupines
  63 orc warriors
  2 eyes of draining
  4 black bears
  2 phantoms
  4 sky beasts
  9 wolves
  4 boggarts (Vaults:1)
  34 ogres
  12 centaurs
  21 crocodiles
  Blork the orc (D:6)
  7 big kobolds
  4 human zombies
  2 gnoll sergeants
  17 bullfrogs
  4 earth elementals
  4 scorpions
  A wyvern skeleton (D:7)
  A water moccasin skeleton (D:6)
  An elf simulacrum (Vaults:3)
  A wight (D:10)
  3 howler monkeys (D:12)
  5 crimson imps
  6 electric eels
  3 bullfrog zombies
  13 hounds
  3 jellies
  38 orc priests
  4 bullfrog skeletons
  3 centaur skeletons
  4 iguanas
  8 worker ants
  Natasha (thrice) (D:4)
  24 orc wizards
  A hound skeleton (D:8)
  9 adders
  10 gnolls
  4 shadow imps
  4 oozes (Sewer)
  An adder zombie (D:9)
  4 worms
  9 dart slugs
  4 leopard geckos
  149 orcs
  16 bats
  10 giant cockroaches
  6 goblins
  3 hobgoblins
  15 jackals
  27 kobolds
  A quokka (D:2)
  4 ball pythons
  8 frilled lizards
  A jackal zombie (D:5)
  A leopard gecko zombie (D:6)
  10 rats
  A tentacle (Shoals:4)
1490 creatures vanquished.

Vanquished Creatures (collateral kills)
  Saint Roka (Orc:2)
  Jorgrun (Shoals:2)
  4 deep elf blademasters (Elf:3)
  4 deep elf master archers (Elf:3)
  Polyphemus (Shoals:2)
  An orc warlord (Orc:2)
  A deep elf sorcerer (Elf:3)
  2 deep elf elementalists (Elf:3)
  6 deep elf annihilators (Elf:3)
  A merfolk javelineer (Shoals:2)
  A deep elf high priest (Elf:3)
  3 merfolk impalers
  A catoblepas (Shoals:2)
  An alligator snapping turtle (Shoals:4)
  A dancing weapon (Elf:3)
  3 death yaks
  2 orc high priests (Orc:2)
  A deep elf knight (Elf:3)
  A sea snake (Shoals:4)
  A deep troll (Vaults:3)
  2 deep elf magi (Elf:3)
  3 water nymphs
  A spiny frog (Lair:2)
  A komodo dragon (Lair:2)
  2 merfolk
  2 wind drakes
  4 snapping turtles
  A hippogriff (Shoals:2)
  2 wargs (Orc:2)
  A water moccasin (D:7)
  5 orc warriors (Orc:2)
  2 ogres (Orc:2)
  A centaur zombie (D:5)
  5 orc priests
  4 orc wizards
  A bullfrog skeleton (D:6)
  A worker ant (D:5)
  A worker ant zombie (D:5)
  2 shadow imps (D:5)
  5 dart slugs (D:4)
  9 orcs
  A giant cockroach (D:5)
  A quokka (D:5)
  44 ballistomycete spores
138 creatures vanquished.

Vanquished Creatures (others)
  A stone giant (Vaults:2)
  5 yaktaur captains
  2 centaur warriors
  A deep elf knight (Vaults:1)
  3 deep elf archers
  A deep elf mage (Vaults:3)
  An orc knight (Vaults:3)
  2 cyclopes (Vaults:2)
  2 vault sentinels (Vaults:2)
  11 yaktaurs
  A troll (Elf:3)
  2 water elementals (Elf:1)
  2 centaurs
  2 bullfrogs (D:13)
  5 ballistomycete spores
  25 fungi
  40 plants
  77 tentacles (Shoals:4)
183 creatures vanquished.

Grand Total: 1811 creatures vanquished

Notes
Turn   | Place    | Note
-------+----------+-------------------------------------------
     0 | D:1      | M4edhros the Octopode Artificer began the quest for the
                  | Orb.
     0 | D:1      | Reached XP level 1. HP: 13/13 MP: 3/3
    65 | D:2      | Found a sacrificial altar of Ru.
   130 | D:2      | Reached XP level 2. HP: 18/18 MP: 4/4
   176 | D:3      | Noticed Grinder
   181 | D:4      | Noticed Sigmund
   235 | D:4      | Noticed a scorpion
   286 | D:3      | Found a glowing drain.
   294 | D:3      | Reached XP level 3. HP: 20/23 MP: 4/6
   304 | Sewer    | Entered a sewer
   425 | Sewer    | Reached XP level 4. HP: 21/28 MP: 7/7
  1828 | D:4      | Killed Sigmund
  1828 | D:4      | Reached skill level 5 in Evocations
  1828 | D:4      | Reached XP level 5. HP: 33/33 MP: 7/9
  1828 | D:4      | Reached XP level 6. HP: 38/38 MP: 7/10
  2047 | D:5      | Entered Level 5 of the Dungeon
  2047 | D:5      | Noticed a sky beast
  2095 | D:4      | Noticed Natasha
  2098 | D:4      | Killed Natasha
  2112 | D:4      | Noticed Natasha
  2116 | D:4      | Killed Natasha
  2123 | D:4      | Reached XP level 7. HP: 40/43 MP: 11/11
  2159 | D:4      | Noticed Natasha
  2167 | D:4      | Killed Natasha
  2314 | D:5      | Found a sparkling altar of Nemelex Xobeh.
  2531 | D:5      | Found Taapnacu's Assorted Antiques.
  2617 | D:6      | Noticed Eustachio
  2728 | D:6      | Killed Eustachio
  2728 | D:6      | Reached XP level 8. HP: 38/48 MP: 13/13
  3229 | D:6      | Noticed Blork the orc
  3339 | D:6      | Killed Blork the orc
  3426 | D:6      | Reached skill level 1 in Shields
  3791 | D:7      | HP: 1/51 [ice beast (8)]
  4208 | D:7      | Reached skill level 10 in Stealth
  4220 | D:7      | Reached XP level 9. HP: 10/55 MP: 4/15
  5512 | D:6      | Reached skill level 5 in Dodging
  6322 | D:6      | Reached XP level 10. HP: 38/63 MP: 9/16
  6508 | D:5      | Found a shadowy altar of Dithmenos.
  6761 | D:4      | Found a staircase to the Ecumenical Temple.
  6767 | Temple   | Entered the Ecumenical Temple
  6817 | Temple   | Became a worshipper of Xom of Unknown Intention
  6831 | Temple   | Fell from the grace of Xom
  6831 | Temple   | Became a worshipper of Fedhas Madash
  6929 | D:3      | Paralysed by Grinder for 3 turns
  6933 | D:3      | Killed Grinder
  7083 | D:2      | Found a shadowy altar of Dithmenos.
  7240 | D:2      | XOM: summons 4 hostile shadow creatures
  7743 | D:1      | Reached * piety under Fedhas
  9293 | D:7      | Reached skill level 1 in Maces & Flails
  9516 | D:8      | XOM: mild Summ miscast
  9528 | D:8      | Reached ** piety under Fedhas
  9590 | D:8      | XOM: medium Chrm miscast
  9659 | D:8      | Found a staircase to the Lair.
  9671 | D:8      | Reached skill level 1 in Invocations
  9746 | D:8      | Noticed Psyche
  9756 | D:8      | Noticed Psyche
  9756 | D:8      | Psyche changed into Psyche the wolf
  9765 | D:8      | Killed Psyche the wolf
  9949 | D:8      | Reached skill level 2 in Invocations
 10100 | D:9      | XOM: 1-stop teleportation journey
 10152 | D:9      | Reached skill level 5 in Fighting
 10514 | D:9      | XOM: mild Tloc miscast
 10600 | D:9      | Reached skill level 3 in Invocations
 10718 | D:9      | Noticed a lindwurm
 10732 | D:9      | Noticed a lindwurm
 10747 | D:9      | Noticed a lindwurm
 10761 | D:9      | Noticed a lindwurm
 10789 | D:10     | Entered Level 10 of the Dungeon
 10887 | D:10     | Learned a level 5 spell: Summon Mana Viper
 10916 | D:10     | Noticed a centaur warrior
 10924 | D:10     | Killed a centaur warrior
 10924 | D:10     | Reached skill level 1 in Hexes
 10924 | D:10     | Reached skill level 1 in Summonings
 10924 | D:10     | Reached skill level 4 in Invocations
 10924 | D:10     | Reached XP level 11. HP: 38/72 MP: 17/18
 11158 | D:10     | Got a faintly glowing hunting sling
 11159 | D:10     | Identified the +8 hunting sling "Pioz" {speed, Str+6 Int-2}
                  | (You found it on level 10 of the Dungeon)
 11911 | D:6      | XOM: medium Conj miscast
 12355 | D:10     | Reached skill level 1 in Slings
 12571 | D:10     | Reached skill level 5 in Invocations
 13089 | D:10     | Noticed a salamander
 13092 | D:10     | Killed a salamander
 13202 | D:10     | XOM: summons 1 hostile demon
 13411 | D:11     | Found a shimmering altar of Xom.
 13414 | D:11     | Noticed a skeletal warrior
 13492 | D:11     | XOM: mild Ice miscast
 13497 | D:11     | Noticed a cyclops
 13545 | D:11     | Reached *** piety under Fedhas
 13585 | D:11     | Killed a cyclops
 13651 | D:11     | Got a polished hand axe
 13747 | D:11     | Found a staircase to the Orcish Mines.
 14395 | Lair:1   | Entered Level 1 of the Lair of Beasts
 14482 | Lair:1   | Noticed a six-headed hydra
 14496 | Lair:1   | Killed a six-headed hydra
 14496 | Lair:1   | Reached skill level 6 in Invocations
 14769 | Lair:1   | Found a runed translucent door.
 14781 | Lair:1   | XOM: medium Tloc miscast
 14790 | Lair:1   | Noticed viiviliisa's ghost (journeyman MiFi)
 14855 | Lair:1   | XOM: harmless Summ miscast
 14919 | Lair:1   | XOM: silly message
 14982 | Lair:1   | Noticed Joseph
 15000 | Lair:1   | Got a blackened great sword
 15088 | Lair:1   | XOM: harmless Tloc miscast
 15167 | Lair:1   | Noticed Nergalle
 15253 | Lair:1   | XOM: silly message
 15371 | Lair:1   | Noticed Nergalle
 15371 | Lair:1   | Nergalle changed into Nergalle the faun
 15386 | Lair:1   | Noticed Gastronok
 15424 | Lair:1   | Banished Gastronok
 15424 | Lair:1   | Reached XP level 12. HP: 77/80 MP: 19/19
 15568 | Lair:1   | Reached **** piety under Fedhas
 15621 | Lair:1   | XOM: silly message
 15958 | Lair:1   | Reached skill level 7 in Invocations
 16173 | Lair:1   | XOM: harmless Summ miscast
 16305 | Lair:1   | XOM: harmless Pois miscast
 16398 | Lair:1   | Killed Joseph
 16593 | Lair:1   | XOM: harmless Pois miscast
 16658 | Lair:1   | Killed Nergalle the faun
 16832 | Lair:2   | Noticed a death yak
 16832 | Lair:2   | Noticed a death yak
 16860 | Lair:2   | Reached skill level 5 in Slings
 16878 | Lair:2   | Noticed a death yak
 16885 | Lair:2   | Noticed a death yak
 16887 | Lair:2   | Noticed a death yak
 16890 | Lair:2   | Killed a death yak
 17201 | Lair:2   | Found a hole to the Spider Nest.
 18378 | Lair:3   | XOM: mild Summ miscast
 18417 | Lair:3   | XOM: mild Tmut miscast
 18450 | Lair:3   | XOM: mild Pois miscast
 18554 | Lair:3   | XOM: medium Conj miscast
 19235 | Lair:4   | Noticed a six-headed hydra
 19343 | Lair:4   | Killed a six-headed hydra
 19632 | Lair:4   | XOM: mild Tloc miscast
 19632 | Lair:4   | Was forgiven by Xom
 19668 | Lair:4   | Reached XP level 13. HP: 79/85 MP: 20/20
 19672 | Lair:4   | Found a staircase to the Shoals.
 20436 | Lair:5   | Reached skill level 10 in Slings
 20447 | Lair:5   | Reached ***** piety under Fedhas
 21496 | Lair:6   | Entered Level 6 of the Lair of Beasts
 21689 | Lair:6   | Reached skill level 8 in Invocations
 22088 | Lair:6   | Reached skill level 9 in Invocations
 22285 | Lair:6   | Reached XP level 14. HP: 76/93 MP: 21/21
 22633 | Lair:6   | Found a staircase to the Slime Pits.
 22635 | Lair:6   | Found a viscous altar of Jiyva.
 23434 | Lair:6   | Reached skill level 10 in Invocations
 24093 | Lair:6   | Paralysed by a hornet for 3 turns
 24630 | Lair:6   | Reached skill level 10 in Dodging
 24804 | Lair:6   | Reached skill level 11 in Invocations
 27138 | D:12     | Reached skill level 12 in Invocations
 27302 | D:12     | Reached ****** piety under Fedhas
 27833 | D:12     | Reached XP level 15. HP: 102/102 MP: 24/24
 28057 | D:13     | Found a frozen archway.
 28323 | D:13     | You fall into a shaft and drop 2 floors!
 28323 | D:15     | Entered Level 15 of the Dungeon
 28401 | D:13     | Found Zid Tyfu's Antique Weapon Boutique.
 28401 | D:13     | Noticed Sonja
 28405 | D:13     | Killed Sonja
 28849 | D:13     | Reached skill level 10 in Fighting
 28849 | D:13     | Reached skill level 13 in Invocations
 29174 | D:13     | Found a gate to the Vaults.
 29518 | Orc:1    | Entered Level 1 of the Orcish Mines
 29724 | Orc:1    | Noticed Urug
 30003 | Orc:1    | Noticed Urug
 30003 | Orc:1    | Urug changed into Urug the guardian serpent
 30009 | Orc:1    | Killed Urug the guardian serpent
 30196 | Orc:1    | Found Tetim's Assorted Antiques.
 30353 | Orc:2    | Entered Level 2 of the Orcish Mines
 31575 | Orc:2    | Found a roughly hewn altar of Beogh.
 31691 | Orc:2    | Found Ysilach's Food Boutique.
 32203 | Orc:2    | Found Seorghyon's Antique Armour Shop.
 32639 | Orc:2    | Found a staircase to the Elven Halls.
 32735 | Orc:2    | Reached skill level 14 in Invocations
 32940 | Orc:2    | Noticed Saint Roka
 32951 | Orc:2    | Killed Saint Roka
 32965 | Orc:2    | Noticed an orc warlord
 32971 | Orc:2    | Killed an orc warlord
 33005 | Orc:2    | Found a roughly hewn altar of Beogh.
 33225 | Orc:2    | Found Kuwnooru's Weapon Shoppe.
 33284 | Orc:2    | Found Biohawkuec's Armour Boutique.
 33449 | Orc:2    | Bought an embroidered hat for 280 gold pieces
 33689 | Spider:1 | Entered Level 1 of the Spider Nest
 33828 | Spider:1 | Reached XP level 16. HP: 111/111 MP: 26/26
 33844 | Spider:1 | Reached skill level 5 in Shields
 34296 | Shoals:1 | Entered Level 1 of the Shoals
 34320 | Shoals:1 | Found Rozyushi's Distillery.
 34336 | Shoals:1 | Bought a potion of heal wounds for 70 gold pieces
 35340 | Shoals:1 | Found Cuceshril's Gadget Shoppe.
 35369 | Shoals:1 | Bought a wand of paralysis (10) for 192 gold pieces
 35373 | Shoals:1 | Gained mutation: You tend to lose your temper in combat.
                  | [potion of mutation]
 35373 | Shoals:1 | Gained mutation: You passively map a small area around you.
                  | [potion of mutation]
 35374 | Shoals:1 | Lost mutation: You tend to lose your temper in combat.
                  | [potion of mutation]
 35374 | Shoals:1 | Lost mutation: You passively map a small area around you.
                  | [potion of mutation]
 35374 | Shoals:1 | Gained mutation: You are weak. (Str -2) [potion of
                  | mutation]
 35374 | Shoals:1 | Gained mutation: You are agile. (Dex +2) [potion of
                  | mutation]
 35374 | Shoals:1 | Lost mutation: You are agile. (Dex +2) [potion of mutation]
 35374 | Shoals:1 | Gained mutation: One of your tentacles bears a spike.
                  | [potion of mutation]
 35375 | Shoals:1 | Lost mutation: One of your tentacles bears a spike. [potion
                  | of mutation]
 35375 | Shoals:1 | Lost mutation: You are weak. (Str -2) [potion of mutation]
 35375 | Shoals:1 | Gained mutation: One of your tentacles bears a spike.
                  | [potion of mutation]
 35375 | Shoals:1 | Gained mutation: You are agile. (Dex +2) [potion of
                  | mutation]
 35375 | Shoals:1 | Gained mutation: You are resistant to hostile enchantments.
                  | (MR+) [potion of mutation]
 35375 | Shoals:1 | Gained mutation: Your system is resistant to poisons.
                  | (rPois) [potion of mutation]
 35444 | Shoals:1 | Reached skill level 15 in Invocations
 35560 | Shoals:1 | Found Huvitt's Antique Weapon Shop.
 35635 | Shoals:1 | Found Raohemmu's General Store.
 35741 | Shoals:1 | Bought a potion of heal wounds for 85 gold pieces
 35741 | Shoals:1 | Bought a scroll of blinking for 127 gold pieces
 35741 | Shoals:1 | Bought a scroll of identify for 34 gold pieces
 36101 | Shoals:2 | Noticed Jorgrun
 36101 | Shoals:2 | Noticed Ilsuiw
 36102 | Shoals:2 | Noticed Polyphemus
 36127 | Shoals:2 | Found Seuluiles's Magic Scroll Emporium.
 36165 | Shoals:2 | Killed Jorgrun
 36172 | Shoals:2 | Killed Polyphemus
 36208 | Shoals:2 | Killed Ilsuiw
 37635 | Shoals:2 | Reached skill level 16 in Invocations
 38768 | Shoals:3 | Noticed Roxanne
 38784 | Shoals:3 | Noticed Bai Suzhen
 38987 | Shoals:3 | Found Biunkiva's Food Emporium.
 39510 | Shoals:3 | Killed Roxanne
 39615 | Shoals:3 | Reached skill level 10 in Shields
 39615 | Shoals:3 | Reached XP level 17. HP: 96/117 MP: 29/29
 39850 | Shoals:4 | Entered Level 4 of the Shoals
 42760 | Shoals:4 | Noticed Aizul
 42775 | Shoals:4 | Noticed a kraken
 44224 | Shoals:4 | Killed a kraken
 44329 | Shoals:4 | Noticed a kraken
 44421 | Shoals:4 | Killed a kraken
 44576 | Shoals:4 | Killed Aizul
 45614 | Shoals:4 | Reached skill level 17 in Invocations
 45712 | Shoals:4 | HP: 1/117 [merfolk javelineer/javelin (32)]
 46173 | Shoals:4 | Got a barnacled rune of Zot
 46774 | D:13     | Learned a level 6 spell: Statue Form
 47004 | Spider:1 | Reached skill level 1 in Polearms
 48303 | Spider:2 | Reached skill level 5 in Polearms
 48851 | Spider:2 | Noticed Nikola
 48939 | Spider:2 | Identified a scroll of acquirement
 48940 | Spider:2 | Got a heavily runed amethyst amulet
 48942 | Spider:2 | Identified the amulet "Uliaph" {Gourm Str+3} (You acquired
                  | it on level 2 of the Spider Nest)
 49249 | Spider:3 | Reached XP level 18. HP: 122/122 MP: 30/30
 49536 | Elf:1    | Entered Level 1 of the Elven Halls
 51491 | Elf:2    | Found Hydey's Weapon Shoppe.
 52314 | Elf:2    | Found a runed translucent gate.
 52314 | Elf:2    | Found a runed translucent gate.
 52314 | Elf:2    | Found a runed translucent gate.
 52359 | Elf:2    | Reached skill level 1 in Transmutations
 52359 | Elf:2    | Reached skill level 1 in Earth Magic
 52830 | Elf:3    | Entered Level 3 of the Elven Halls
 54720 | Elf:3    | Noticed a deep elf blademaster
 54747 | Elf:3    | Killed a deep elf blademaster
 54792 | Elf:3    | Reached skill level 5 in Transmutations
 54792 | Elf:3    | Reached skill level 5 in Earth Magic
 54797 | Elf:3    | Noticed a deep elf master archer
 54798 | Elf:3    | Noticed a deep elf master archer
 54801 | Elf:3    | Killed a deep elf master archer
 54805 | Elf:3    | Killed a deep elf master archer
 54805 | Elf:3    | Reached XP level 19. HP: 110/127 MP: 31/31
 54955 | Elf:3    | Identified the ring "Lycwenat" {rC+ rN+++ EV+1 Dex-3 SInv}
 55304 | Elf:3    | Identified the cursed +1 ring mail of Limitation {Dex+4
                  | Stlth+}
 55360 | Elf:3    | Identified the ring of the Invisible Hand {Ice +Fly rN+
                  | Int-3}
 55361 | Elf:3    | Identified the +3 morningstar "Jirycs" {freeze, Dex+5}
 55552 | Elf:3    | Found the amulet of the Air {Inacc +Fly rElec EV+5 RMsl}
 56001 | Vaults:1 | Entered Level 1 of the Vaults
 59322 | Vaults:2 | Found Viane's Magic Scroll Boutique.
 59331 | Vaults:2 | Bought a scroll of identify for 42 gold pieces
 59332 | Vaults:2 | Bought a scroll of identify for 42 gold pieces
 59376 | Vaults:2 | Reached XP level 20. HP: 129/134 MP: 32/32
 59712 | Vaults:2 | Found a staircase to the Crypt.
 59972 | Vaults:2 | Found Zuzocis's Weapon Emporium.
 59982 | Vaults:2 | Found Wiostrir's Food Shoppe.
 60662 | Vaults:2 | Reached skill level 10 in Transmutations
 60662 | Vaults:2 | Reached skill level 10 in Earth Magic
 61220 | Vaults:2 | Found Maczeun's Antique Armour Boutique.
 62319 | Vaults:3 | Reached skill level 15 in Shields
 62718 | Vaults:3 | Identified the +6 mace of Yxitef {vamp, *Drain Dex+4 SInv}
 63982 | Vaults:3 | Reached XP level 21. HP: 128/139 MP: 33/33
 64925 | Vaults:4 | Found Lerchyr's Magic Scroll Emporium.
 64928 | Vaults:4 | Bought a scroll of enchant weapon for 97 gold pieces
 64928 | Vaults:4 | Bought a scroll of teleportation for 39 gold pieces
 64928 | Vaults:4 | Bought a scroll of teleportation for 39 gold pieces
 64928 | Vaults:4 | Bought a scroll of teleportation for 39 gold pieces
 66753 | Vaults:5 | Entered Level 5 of the Vaults
 67634 | Spider:3 | Reached skill level 1 in Spellcasting
 68217 | Spider:3 | Identified the +8 halberd of the Mind {distort, -Tele rPois
                  | Int+10}
 68239 | Spider:3 | Slain by a tarantella

Levels and vault maps discovered:
D:1:      kennysheep_arrival_seaside, layout_loops_ring,
          chequers_serial_rivers_micro_d
D:2:      layout_loops_ring, nicolae_overflow_hidden_temple,
          grunt_dithmenos_smoke
D:3:      layout_loops_ring, first_ration, cheibrodos_sewer_entry_drain,
          uniq_grinder
D:4:      kennysheep_slugbush, layout_gridville, minmay_temple_entry_fiery,
          st_stairs_3, uniq_sigmund, uniq_natasha
D:5:      layout_rooms, serial_shops, nicolae_shop_overgrown_old_shop,
          hangedman_feature_mirror
D:6:      minmay_razor_zed, layout_basic, uniq_eustachio, uniq_blork_the_orc
D:7:      layout_loops_cross, grunt_ministairs_9
D:8:      layout_rooms, erik_lair_island, uniq_psyche
D:9:      layout_basic, minmay_lindwurm_lava
D:10:     minmay_cut_squares, layout_basic
D:11:     layout_basic, david_orc_1_choice, basic_altar
D:12:     layout_loops_cross, hangedman_pestilent_swarm,
          minmay_misc_feat_diagonals, minmay_statue_bubble, uniq_kirke
D:13:     layout_roguey, skrybe_vaults_entry_preservation, serial_shops, shop,
          portal_ice_cave_entry_ice_beasts, onia_ninara_cookie, uniq_sonja
D:14:     cheibrodos_monumental, layout_stronghold, eino_curves_03,
          uniq_josephine
D:15:     grunt_enter_depths_hoard, layout_grid_maze, serial_bayou_pond_e,
          minmay_misc_feat_columns
Temple:   compressed_dpeg_circular_temple
Lair:1:   layout_regular_city, gammafunk_ghost_grave, gammafunk_lair_bear_cave,
          uniq_joseph, uniq_gastronok, uniq_nergalle
Lair:2:   layout_chaotic_city, spider_nest_entry_a
Lair:3:   layout_gridlike
Lair:4:   layout_gridlike, minmay_shoals_entry_lonely_mermaid,
          serial_bayou_shore_b, grunt_megastairs_5, lemuel_fruit_fields
Lair:5:   layout_cave_pods, grunt_megastairs_1
Lair:6:   hangedman_lair_tendril_chambers, layout_regular_city,
          guppyfry_lair_end_dragon, slime_altar_1
Shoals:1: layout_shoals, serial_shops, shop, nicolae_shop_waterfront, shop, shop
Shoals:2: layout_shoals, serial_shops, shop, nicolae_shoals_aquamancer_cove,
          uniq_jorgrun, uniq_ilsuiw, uniq_polyphemus
Shoals:3: layout_shoals, serial_shops, shop, uniq_roxanne, uniq_bai_suzhen
Shoals:4: shoals_end_simple, layout_shoals, nicolae_shoals_mertower, uniq_aizul
Spider:1: layout_chambers
Spider:2: layout_spider_delve, uniq_nikola
Spider:3: nicolae_spider_mines_2
Orc:1:    minmay_goldmine, layout_caves, serial_shops,
          nicolae_shop_behind_doors, shop, shop, shop, uniq_urug
Orc:2:    pubby_orc_utopia, uniq_saint_roka
Elf:1:    minmay_elf_arrival_summoners, layout_rooms, serial_corexii_hall,
          chequers_hall_statues_wall_a, corexii_hall_statues_x, minivault_28,
          minivault_25_ag, hex_medium, feat_on_display
Elf:2:    layout_geoelf_diagonals, serial_shops, nicolae_shop_stone
Elf:3:    minmay_elf_hall, layout_geoelf_castle
Vaults:1: hangedman_vaults_nodes, vaults_mumra_lcd, v_misc_29,
          hangedman_vaults_nails, v_misc_31, vaults_room_door_ring,
          nicolae_vaults_little_ls, nicolae_vaults_ring_of_whatevers,
          vaults_dpeg_encased_lava, layout_vaults_omnicross
Vaults:2: vaults_room_corners, vaults_room_octagon, grunt_vaults_trifunnel,
          vaults_room_ringed_pool, minmay_crypt_entry_simple_corners,
          vaults_mumra_minichess_inversion, layout_vaults_omnigrid,
          serial_shops, nicolae_shop_waterfront, nicolae_shop_behind_doors,
          shop, shop
Vaults:3: vaults_mumra_hex, ontoclasm_vaults_hangar, vaults_room_hallway,
          nicolae_vaults_specimen_jars, hangedman_vaults_stream,
          grunt_vaults_funnel, nicolae_vaults_network_s,
          vaults_room_stairs_pillars, nicolae_vaults_stairing_the_circle,
          nicolae_vaults_ring_of_whatevers, st_lines, nicolae_vaults_big_ls,
          ontoclasm_vaults_gateway, layout_vaults_maze_snakey
Vaults:4: v_alt_pattern_3, ontoclasm_vaults_shuriken,
          nicolae_vaults_bisected_slash, ontoclasm_vaults_loading_screen,
          hangedman_vaults_maws, nicolae_vaults_circle_grid_a,
          nicolae_vaults_little_squares_1, v_misc_14, vaults_room_octagon,
          v_misc_15, ontoclasm_vaults_spin, ontoclasm_vaults_chip, v_misc_26,
          ontoclasm_vaults_loading_screen, nicolae_vaults_mini_display_case,
          nicolae_vaults_windows_and_doors_thing, layout_vaults_omnibox,
          basic_altar, serial_shops, nicolae_shop_window_shopping
Vaults:5

Skill      XL: |  1  2  3  4  5  6  7  8  9 10 11 12 13 14 15 16 17 18 19 20 21 |
---------------+----------------------------------------------------------------+-----
Stealth        | 2 3 6 7 9 10 12 13 | 13.1
Evocations     | 4 5 6 7 8 9 |  9.3
Shields        | 2 3 4 10 12 13 14 15 16 | 16.7
Dodging        | 3 6 7 8 9 10 11 | 11.9
Fighting       | 2 4 5 6 7 9 10 | 10.8
Maces & Flails | 2 |  2.0
Invocations    | 4 6 7 9 12 14 16 17 | 17.1
Hexes          | 1 3 4 |  4.1
Summonings     | 1 3 4 |  4.1
Slings         | 4 8 12 | 12.0
Polearms       | 6 9 |  9.8
Transmutations | 5 9 11 12 | 12.0
Earth Magic    | 5 9 11 12 | 12.0
Spellcasting   | 2 |  2.1
Short Blades   | |  1.0

Action                   |  1- 3 |  4- 6 |  7- 9 | 10-12 | 13-15 | 16-18 | 19-21 || total
-------------------------+-------+-------+-------+-------+-------+-------+-------++-------
Melee: Short sword       |    34 |    92 |    39 |       |       |       |       ||   165
       Constrict         |     9 |    16 |    64 |    83 |     5 |     1 |    93 ||   271
       Tentacles         |     7 |    19 |    80 |   100 |     6 |    10 |   307 ||   529
       Rapier            |       |       |   132 |       |       |       |       ||   132
       Mace              |       |       |   130 |   273 |       |       |       ||   403
       Dagger            |       |       |       |   186 |    31 |    29 |       ||   246
       Kick              |       |       |       |       |       |    10 |   495 ||   505
       Demon trident     |       |       |       |       |       |       |   924 ||   924
 Fire: Hunting sling     |       |       |       |   467 |  2540 |  3171 |  1443 ||  7621
Invok: Grow Ballistomyce |       |       |       |       |     9 |     3 |       ||    12
       Grow Oklob        |       |       |       |       |     3 |     8 |     4 ||    15
       Wall of Briars    |       |       |       |       |       |     1 |     2 ||     3
Evoke: Wand              |     4 |    14 |    27 |    46 |    21 |    34 |    27 ||   173
       Box of beasts     |       |       |       |     2 |       |       |       ||     2
       Lightning rod     |       |       |       |       |       |    10 |    26 ||    36
       Lamp of fire      |       |       |       |       |       |     1 |     5 ||     6
       Phial of floods   |       |       |       |       |       |       |     6 ||     6
  Use: Scroll            |       |       |     3 |    16 |    10 |    26 |    15 ||    70
       Potion            |       |       |     5 |     3 |     3 |    11 |     9 ||    31
 Stab: Sleeping          |     4 |    10 |    18 |    54 |     1 |       |    12 ||    99
       Confused          |       |       |     3 |     1 |       |       |       ||     4
       Distracted        |       |       |     2 |     2 |       |       |     6 ||    10
       Paralysed         |       |       |       |     1 |     2 |     1 |     6 ||    10
       Petrifying        |       |       |       |       |     1 |       |       ||     1
  Eat: Chunk             |       |     4 |    14 |    34 |    34 |    28 |    25 ||   139
       Ration            |       |       |       |     2 |     2 |     9 |     6 ||    19
Armor: Skin              |     3 |    10 |    42 |    54 |     6 |    14 |    13 ||   142
Dodge: Dodged            |    31 |    64 |   247 |   503 |   333 |   337 |   420 ||  1935
Block: Buckler           |       |       |       |   135 |   111 |    79 |       ||   325
       Reflection        |       |       |       |     2 |       |    62 |   130 ||   194
       Large shield      |       |       |       |       |       |   492 |  1386 ||  1878
